 Dungeon Sprint DCSS version 0.17-a0-1863-g715b4b0 (webtiles) character file.

605 luca467 the Basher (level 7, -35/61 HPs)
             Began as a Mummy Fighter on Sept 20, 2015.
             Was a Follower of Okawaru.
             Annihilated by a hill giant
             ... wielding a +0 giant spiked club
              (41 damage)
             ... in the Dungeon (Sprint IX: "|||||||||||||||||||||||||||||").
             The game lasted 00:04:16 (854 turns).

luca467 the Basher (Mummy Fighter)                   Turns: 854, Time: 00:04:16

Health: -35/61     AC: 13    Str: 21    XL:     7   Next: 19%
Magic:  7/7        EV: 10    Int:  7    God:    Okawaru [*.....]
Gold:   0          SH: 10    Dex: 12    Spells: 0 memorised, 6 levels left

rFire  x . .     SeeInvis .     a - +0 flail
rCold  + . .     Clarity  .     j - +1 chain mail
rNeg   + + +     SustAt   .     c - +0 shield
rPois  ∞         Gourm    .     i - +0 helmet
rElec  .         Spirit   .     (no cloak)
rCorr  .         Warding  .     (no gloves)
rMut   .         NoTele   +     h - +0 pair of boots
MR     .....                    (no amulet)
Stlth  ..........               l - +2 ring of evasion
                                k - +2 ring of evasion

@: not resistant to hostile enchantments, extremely unstealthy
A: no food or potions, fire vulnerability, cold resistance 1, negative energy
resistance 3, torment resistance, unbreathing
a: Heroism, Renounce Religion


You were in the Dungeon.
You worshipped Okawaru.
Okawaru was aware of your devotion.
You were not hungry.

You visited 1 branch

Inventory:

Hand weapons
 a - a +0 flail (weapon)
 m - a cursed -1 shortbow
Missiles
 n - 19 arrows (quivered)
Armour
 b - a +0 scale mail
 c - a +0 shield (worn)
 h - a +0 pair of boots (worn)
 i - a +0 helmet (worn)
 j - a +1 chain mail (worn)
Jewellery
 k - a +2 ring of evasion (left hand)
 l - a +2 ring of evasion (right hand)
Magical devices
 g - a wand of draining (7)
Scrolls
 d - 3 scrolls of remove curse
 e - 2 scrolls of amnesia
 f - a scroll of blinking


   Skills:
 + Level 7.7 Fighting
 * Level 8.5 Maces & Flails
 + Level 6.3 Armour
 + Level 6.2 Shields


You had 6 spell levels left.
You didn't know any spells.

Dungeon Overview and Level Annotations

Branches:
Dungeon (1/1)

Altars:
Cheibriados
Dithmenos
Elyvilon
Fedhas
Gozag
Kikubaaqudgha
Makhleb
Nemelex Xobeh
Okawaru
Qazlal
Ru
Sif Muna
Trog
Vehumet
Xom
Yredelemnul
Zin
The Shining One
Beogh
Jiyva
Lugonu


Innate Abilities, Weirdness & Mutations

You do not eat or drink.
Your flesh is vulnerable to fire.
You are immune to poison.
Your flesh is cold resistant.
You are immune to negative energy.
You are immune to unholy pain and torment.
You can survive without breathing.


Message History

The hill giant is moderately wounded.
Your chain mail prevents you from hitting the hill giant.
The hill giant is moderately wounded.
The hill giant misses you.
A sky beast appears from thin air!
Reactivating autopickup.
Your shield and chain mail prevent you from hitting the hill giant.
The hill giant is moderately wounded.
The hill giant barely misses you.
You hit the hill giant but do no damage.
The hill giant is moderately wounded.
The sky beast flickers out of sight!
Deactivating autopickup; reactivate with Ctrl-A.
You block the hill giant's attack.
You sock the hill giant!
The hill giant is heavily wounded.
You hit the hill giant.
The hill giant is severely wounded.
The hill giant hits you with a giant spiked club!!!
Ouch! That really hurt!
You die...

▓!▓
▓.▓
▓|▓
▓)▓
▓.▓
▓.▓
▓.▓
▓.▓
▓@▓
▓C▓
▓u▓
▓o▓
▓D▓
▓{▓
▓Z▓
▓.▓
▓'▓


You could see a purple ugly thing, a hill giant, a mottled dragon, an orc and a
bat skeleton.

Vanquished Creatures
  A wyvern (D)
  A wraith (D)
  A water moccasin (D)
  An ogre (D)
  A centaur (D)
  A hound (D)
  A gnoll (D)
  An adder zombie (D)
  An adder skeleton (D)
  A worm (D)
  2 bats (D)
  A goblin (D)
  A quokka skeleton (D)
  2 rats (D)
16 creatures vanquished.

Notes
Turn   | Place    | Note
--------------------------------------------------------------
     0 | D        | luca467 the Mummy Fighter began the quest for the Orb.
     0 | D        | Reached XP level 1. HP: 18/18 MP: 1/1
    74 | D        | Noticed an ogre
    85 | D        | Killed an ogre
    85 | D        | Reached skill level 4 in Fighting
    85 | D        | Reached XP level 2. HP: 2/26 MP: 2/2
    85 | D        | Reached XP level 3. HP: 2/32 MP: 3/3
    85 | D        | Reached XP level 4. HP: 2/38 MP: 4/4
   124 | D        | Reached skill level 5 in Fighting
   124 | D        | Reached skill level 5 in Maces & Flails
   396 | D        | Found a glowing silver altar of Zin.
   396 | D        | Found a glowing golden altar of the Shining One.
   396 | D        | Found an ancient bone altar of Kikubaaqudgha.
   396 | D        | Found a basalt altar of Yredelemnul.
   396 | D        | Found a shimmering altar of Xom.
   396 | D        | Found a radiant altar of Vehumet.
   397 | D        | Found an iron altar of Okawaru.
   398 | D        | Found a burning altar of Makhleb.
   399 | D        | Found a deep blue altar of Sif Muna.
   400 | D        | Found a bloodstained altar of Trog.
   401 | D        | Found a sparkling altar of Nemelex Xobeh.
   402 | D        | Found a white marble altar of Elyvilon.
   403 | D        | Found a roughly hewn altar of Beogh.
   404 | D        | Found a viscous altar of Jiyva.
   409 | D        | Became a worshipper of Warmaster Okawaru
   410 | D        | Found a corrupted altar of Lugonu.
   411 | D        | Found a blossoming altar of Fedhas.
   412 | D        | Found a snail-covered altar of Cheibriados.
   413 | D        | Found a shadowy altar of Dithmenos.
   414 | D        | Found a stormy altar of Qazlal.
   415 | D        | Found an opulent altar of Gozag.
   416 | D        | Found a sacrificial altar of Ru.
   480 | D        | Noticed a hound
   480 | D        | Noticed a centaur
   480 | D        | Noticed a wyvern
   480 | D        | Noticed a wraith
   480 | D        | Noticed a water moccasin
   482 | D        | Killed a hound
   494 | D        | Killed a centaur
   494 | D        | Reached skill level 6 in Fighting
   494 | D        | Reached XP level 5. HP: 32/46 MP: 5/5
   502 | D        | Killed a wyvern
   502 | D        | Reached skill level 7 in Fighting
   502 | D        | Reached skill level 5 in Armour
   502 | D        | Reached skill level 5 in Shields
   502 | D        | Reached XP level 6. HP: 13/55 MP: 6/6
   509 | D        | Killed a wraith
   509 | D        | Acquired Okawaru's first power
   509 | D        | Reached skill level 8 in Maces & Flails
   513 | D        | HP: 1/55 [water moccasin (4)]
   516 | D        | Killed a water moccasin
   516 | D        | Reached XP level 7. HP: 1/61 MP: 7/7
   837 | D        | Noticed a hill giant
   837 | D        | Noticed a purple ugly thing
   837 | D        | Noticed a mottled dragon
   837 | D        | Noticed a sky beast
   854 | D        | Annihilated by a hill giant

Vault maps used:
D:        linesprint

Action                   |  1- 3 |  4- 6 |  7- 9 || total
-------------------------+-------+-------+-------++-------
Melee: Flail             |    33 |    50 |     9 ||    92
  Use: Scroll            |       |     1 |       ||     1
